 Dungeon Crawl Stone Soup version 0.22.0-38-g04b72b8 (webtiles) character file.

3541 poirepourri the Fighter (level 9, 0/94 HPs)
             Began as a Deep Dwarf Fighter on Aug 29, 2018.
             Was an Initiate of Makhleb.
             Slain by Maurice
             ... wielding a +3 dagger of venom
              (3 damage)
             ... on level 8 of the Dungeon.
             The game lasted 00:09:00 (6301 turns).

poirepourri the Fighter (Deep Dwarf Fighter)        Turns: 6301, Time: 00:09:02

Health: 0/94       AC:  5    Str: 19    XL:     9   Next: 82%
Magic:  2/2        EV:  7    Int: 12    God:    Makhleb [......]
Gold:   379        SH:  9    Dex: 15    Spells: 8/8 levels left

rFire    + . .     SeeInvis .   a - +0 war axe
rCold    . . .     Gourm    .   c - +0 shield
rNeg     . . .     Faith    .   b - +0 scale mail
rPois    .         Spirit   .   (no helmet)
rElec    .         Reflect  .   (no cloak)
rCorr    .         Harm     .   o - +0 pair of gloves
MR       +....                  k - +0 pair of boots
Stlth    ..........             (no amulet)
HPRegen  0.00/turn              B - ring of protection from fire
MPRegen  0.08/turn              j - +2 ring of intelligence

@: lethally poisoned (0 -> -9), corroded, berserk cooldown, non-regenerating,
slowed, very slow
A: damage resistance, heal wounds, sense surroundings 2, no regeneration
a: Heal Wounds, Renounce Religion


You were on level 8 of the Dungeon.
You worshipped Makhleb.
Makhleb was noncommittal.
You were not hungry.

You visited 2 branches of the dungeon, and saw 9 of its levels.

You collected 379 gold pieces.

Inventory:

Hand Weapons
 a - a +0 war axe (weapon)
 w - a +2 battleaxe of electrocution
Missiles
 n - 26 bolts
 y - 8 tomahawks (quivered)
Armour
 b - a +0 scale mail (worn)
 c - a +0 shield (worn)
 k - a +0 pair of boots (worn)
 o - a +0 pair of gloves (worn)
Jewellery
 j - a +2 ring of intelligence (right hand)
 l - an uncursed ring of flight
 B - a ring of protection from fire (left hand)
Wands
 t - a wand of random effects (28)
Scrolls
 d - a scroll of remove curse
 m - a scroll of teleportation
 u - a scroll of magic mapping
 x - a scroll of fear
Potions
 g - a potion of brilliance
 h - a potion of resistance
 i - a potion of curing
 r - a potion of agility
 s - a potion of haste
 v - a potion of lignification
 z - a potion of flight
Comestibles
 f - 8 rations


   Skills:
 + Level 10.3 Fighting
 - Level 10.1 Axes
 - Level 3.2 Armour
 - Level 3.2 Shields


You had 8 spell levels left.
You didn't know any spells.
Your spell library was empty.

Dungeon Overview and Level Annotations

Branches:
Dungeon (8/15)             Temple (1/1) D:6
   Lair: D:8-11

Altars:
Ashenzari
Cheibriados
Dithmenos
Elyvilon
Fedhas
Gozag
Hepliaklqana
Kikubaaqudgha
Makhleb
Nemelex Xobeh
Okawaru
Qazlal
Ru
Sif Muna
Trog
Vehumet
Wu Jian
Xom
Yredelemnul
Zin
The Shining One

Shops:
D:5 =   D:7 =

Annotations:
D:8 Maurice


Innate Abilities, Weirdness & Mutations

You are resistant to damage.
You can heal yourself by infusing magical energy.
You passively map the area around you.
You do not regenerate.


Message History

Maurice flickers and vanishes!
You miss something. You slice something!!
Something hits you but does no damage.
You miss something.
You are no longer berserk.
You are exhausted.
You feel yourself slow down.
You barely miss something. Something hits you.
Something steals 34 of your 60 bolts! Something hits you!
* * * LOW HITPOINT WARNING * * *
Something steals 1 of your 2 potions of brilliance!
You are more poisoned.
You hit something but do no damage. Something hits you.
* * * LOW HITPOINT WARNING * * *
Something steals your uncursed ring of stealth!
You are lethally poisoned!
Something hits you.
* * * LOW HITPOINT WARNING * * *
Something steals your 6 scrolls of fog! Something hits you.
You die...

, , , , , ,
,,................ ,
.....[............,
, *
...................
* * ,
...................
, * ,
...................
** , , ,
...................
* ,
,.........).{.....#*
,* ** ,,
..........@)...# * *
,, * ,,
............#[.# #..
,, . ,
..........###.##
*#.... . , ,,
......##......#
***.....**# , ,
....###...###...
,....* # ..#......##
, #..# # *
,...#####..# ,.
#..## , * #..#
#....##.##.... , ,
##.# #.......##....


There were no monsters in sight!

Vanquished Creatures
  Joseph (D:8)
  Prince Ribbit (D:7)
  Sigmund (D:2)
  A water moccasin (D:5)
  Duvessa (D:6)
  2 orc warriors
  2 ice beasts
  2 sky beasts
  A black bear (D:7)
  An ogre (D:6)
  A centaur (D:8)
  A gnoll sergeant (D:7)
  5 bullfrogs
  Dowan (D:6)
  4 scorpions
  An electric eel (D:7)
  2 jellies (D:6)
  A crimson imp (D:6)
  4 hounds
  3 bullfrog skeletons
  A centaur skeleton (D:5)
  4 orc priests
  6 orc wizards
  Natasha (thrice) (D:2)
  5 worker ants
  2 worker ant zombies (D:5)
  Robin (D:2)
  6 adders
  4 gnolls (D:7)
  3 oozes
  2 adder skeletons
  A worm (D:3)
  3 dart slugs
  5 leopard geckos
  49 orcs
  4 bats
  7 giant cockroaches
  16 goblins
  9 hobgoblins
  12 jackals
  5 kobolds
  4 quokkas
  6 frilled lizards
  A leopard gecko zombie (D:5)
  3 rats
198 creatures vanquished.

Notes
Turn   | Place    | Note
-------+----------+-------------------------------------------
     0 | D:1      | poirepourri the Deep Dwarf Fighter began the quest for the Orb.
     0 | D:1      | Reached XP level 1. HP: 20/20 MP: 1/1
   111 | D:1      | Reached XP level 2. HP: 27/27 MP: 2/2
   339 | D:1      | Reached XP level 3. HP: 30/33 MP: 3/3
   641 | D:1      | Found a shimmering altar of Xom.
   643 | D:1      | Found a shattered altar of Ashenzari.
   643 | D:1      | Found a hide-covered altar of Uskayaw.
   645 | D:1      | Found a deep blue altar of Sif Muna.
   645 | D:1      | Found a glowing golden altar of the Shining One.
   645 | D:1      | Found a shimmering altar of Xom.
   815 | D:2      | Noticed Natasha
   830 | D:2      | Killed Natasha
   938 | D:2      | Reached XP level 4. HP: 28/40 MP: 4/4
  1035 | D:2      | Noticed Robin
  1036 | D:2      | Noticed Natasha
  1045 | D:2      | Killed Natasha
  1045 | D:2      | Reached skill level 5 in Axes
  1056 | D:2      | Killed Robin
  1057 | D:2      | Noticed Natasha
  1060 | D:2      | Killed Natasha
  1060 | D:2      | Reached XP level 5. HP: 30/46 MP: 5/5
  1179 | D:2      | Noticed Sigmund
  1209 | D:2      | Killed Sigmund
  1209 | D:2      | Reached XP level 6. HP: 49/55 MP: 5/5
  1736 | D:3      | Found an iron altar of Okawaru.
  2568 | D:4      | Reached XP level 7. HP: 39/61 MP: 6/6
  3103 | D:5      | Entered Level 5 of the Dungeon
  3138 | D:5      | Found Aruser's Jewellery Shop.
  3434 | D:5      | Reached skill level 10 in Axes
  3536 | D:5      | Reached XP level 8. HP: 26/69 MP: 7/7
  4037 | D:6      | Reached skill level 5 in Fighting
  4238 | D:6      | Found a staircase to the Ecumenical Temple.
  4281 | Temple   | Entered the Ecumenical Temple
  4531 | D:6      | Noticed Dowan
  4532 | D:6      | Noticed Duvessa
  4543 | D:6      | Killed Duvessa
  4543 | D:6      | Gained mutation: You passively map the area around you. [Deep Dwarf growth]
  4543 | D:6      | Reached XP level 9. HP: 56/86 MP: 7/7
  4563 | D:6      | Killed Dowan
  5024 | D:7      | Noticed Prince Ribbit
  5074 | D:6      | Identified a scroll of acquirement
  5324 | D:7      | Killed Prince Ribbit
  5422 | D:7      | Found Nacaip's Jewellery Emporium.
  5782 | D:7      | Found a glowing golden altar of the Shining One.
  5783 | D:7      | Found a white marble altar of Elyvilon.
  5789 | D:7      | Found an ornate altar of the Wu Jian Council.
  5790 | D:7      | Found a deep blue altar of Sif Muna.
  5790 | D:7      | Found a shadowy altar of Dithmenos.
  5790 | D:7      | Found a shattered altar of Ashenzari.
  5790 | D:7      | Found a burning altar of Makhleb.
  5791 | D:7      | Found a sacrificial altar of Ru.
  5793 | D:7      | Found a bloodstained altar of Trog.
  5794 | D:7      | Found a blossoming altar of Fedhas.
  5804 | D:7      | Became a worshipper of Makhleb the Destroyer
  6271 | D:8      | Noticed Joseph
  6273 | D:8      | Noticed Maurice
  6292 | D:8      | Killed Joseph
  6292 | D:8      | Reached skill level 10 in Fighting
  6301 | D:8      | HP: 3/94 [something (2)]
  6301 | D:8      | Slain by Maurice

Skill      XL: |  1  2  3  4  5  6  7  8  9 |
---------------+----------------------------+-----
Axes           | 3 4 5 7 8 10 | 10.1
Fighting       | 3 7 10 | 10.3
Armour         | |  3.2
Shields        | |  3.2

Action                   |  1- 3 |  4- 6 |  7- 9 || total
-------------------------+-------+-------+-------++-------
Melee: War axe           |    85 |   176 |   504 ||   765
 Abil: Heal Wounds       |       |     3 |    28 ||    31
Evoke: Wand              |       |     2 |    16 ||    18
  Use: Scroll            |     2 |    10 |    11 ||    23
       Potion            |       |     2 |     9 ||    11
 Stab: Sleeping          |       |       |     1 ||     1
  Eat: Ration            |       |     3 |     3 ||     6
       Chunk             |       |       |     1 ||     1
Armor: Scale mail        |    38 |    98 |   191 ||   327
Dodge: Dodged            |    30 |    62 |   163 ||   255
Block: Shield            |    36 |    98 |   243 ||   377
